SAA
WESTWOOD SIXSHOOTERS @ MINNESOTA LOONS
09/04/2027
 
TOP OF THE 1ST
Westwood Sixshooters batting - Pitching for Minnesota Loons : RHP Ramón Martínez
Pitching: RHP Ramón Martínez
Batting: LHB António Quintero 0-0: Ground out 4-3 (Groundball, 4)
Batting: LHB Mitchell Cusimano 0-0: Ball
1-0: Ground out 6-3 (Groundball, 6D)
Batting: RHB Wrangler Haresnape 0-0: Ball
1-0: Fly out, F9 (Flyball, 9S)
Top of the 1st over - 0 run(s), 0 hit(s), 0 error(s), 0 left on base; Westwood 0 - Minnesota 0
BOTTOM OF THE 1ST
Minnesota Loons batting - Pitching for Westwood Sixshooters : RHP Nam Yee Yong
Pitching: RHP Nam Yee Yong
Batting: RHB Salvador Esparza 0-0: Swinging Strike
0-1: Swinging Strike
0-2: Foul Ball, location: 2F
0-2: Strikes out looking
Batting: RHB Isuru Tanaka 0-0: Ball
1-0: Foul Ball, location: 2F
1-1: SINGLE (Groundball, 34D)
Batting: SHB Lowell Moon 0-0: Called Strike
0-1: Called Strike
0-2: Strikes out swinging
Batting: LHB Alfredo Arévalo 0-0: Ball
Isuru Tanaka steals 2nd base
1-0: SINGLE (Line Drive, 56D)
Isuru Tanaka to third
Batting: LHB Juan Aranda 0-0: Ball
1-0: Fielders Choice at 2nd, 4-6 (Groundball, 34)
Bottom of the 1st over - 0 run(s), 2 hit(s), 0 error(s), 1 left on base; Westwood 0 - Minnesota 0
TOP OF THE 2ND
Westwood Sixshooters batting - Pitching for Minnesota Loons : RHP Ramón Martínez
Batting: LHB Bob Daugherty 0-0: Called Strike
0-1: Swinging Strike
0-2: Foul Ball, location: 2F
0-2: Ball
1-2: Ball
2-2: Foul Ball, location: 2F
2-2: Fly out, F8 (Flyball, 8RXD)
Batting: LHB Lorenzo Díaz 0-0: Called Strike
0-1: Swinging Strike
0-2: Strikes out swinging
Batting: RHB Chris Corella 0-0: Ground out 5-3 (Groundball, 56)
Top of the 2nd over - 0 run(s), 0 hit(s), 0 error(s), 0 left on base; Westwood 0 - Minnesota 0
BOTTOM OF THE 2ND
Minnesota Loons batting - Pitching for Westwood Sixshooters : RHP Nam Yee Yong
Batting: RHB Jing-sheng Joo 0-0: Swinging Strike
0-1: SINGLE (Flyball, 7LM)
Batting: RHB Jorge Arreola 0-0: Ball
1-0: Ball
2-0: Called Strike
2-1: Ground out 4-3 (Groundball, 34)
Jing-sheng Joo to second
Batting: RHB Joaquín Villarreal 0-0: Called Strike
0-1: Called Strike
0-2: Fly out, F8 (Flyball, 8LS)
Batting: SHB David Martínez 0-0: Called Strike
0-1: Foul Ball, location: 2F
0-2: Strikes out swinging
Bottom of the 2nd over - 0 run(s), 1 hit(s), 0 error(s), 1 left on base; Westwood 0 - Minnesota 0
TOP OF THE 3RD
Westwood Sixshooters batting - Pitching for Minnesota Loons : RHP Ramón Martínez
Batting: RHB Carlos Cruz 0-0: Called Strike
0-1: Called Strike
0-2: Ball
1-2: Strikes out looking
Batting: RHB Alonso Zamora 0-0: Called Strike
0-1: Fly out, F9 (Flyball, 9LSF)
Batting: RHB Alberto Lastaneda 0-0: Called Strike
0-1: Foul Ball, location: 2F
0-2: Ball
1-2: Ball
2-2: Foul Ball, location: 2F
2-2: Ball
3-2: Strikes out looking
Top of the 3rd over - 0 run(s), 0 hit(s), 0 error(s), 0 left on base; Westwood 0 - Minnesota 0
BOTTOM OF THE 3RD
Minnesota Loons batting - Pitching for Westwood Sixshooters : RHP Nam Yee Yong
Batting: RHB Salvador Esparza 0-0: Fly out, F9 (Flyball, 9S)
Batting: RHB Isuru Tanaka 0-0: Called Strike
0-1: Ball
1-1: Swinging Strike
1-2: Fly out, F9 (Flyball, 9S)
Batting: SHB Lowell Moon 0-0: Foul Ball, location: 2F
0-1: Called Strike
0-2: Ball
1-2: Strikes out swinging
Bottom of the 3rd over - 0 run(s), 0 hit(s), 0 error(s), 0 left on base; Westwood 0 - Minnesota 0
TOP OF THE 4TH
Westwood Sixshooters batting - Pitching for Minnesota Loons : RHP Ramón Martínez
Batting: LHB António Quintero 0-0: Called Strike
0-1: Fly out, F9 (Line Drive, 9)
Batting: LHB Mitchell Cusimano 0-0: Ball
1-0: Fly out, F8 (Flyball, 8LS)
Batting: RHB Wrangler Haresnape 0-0: Called Strike
0-1: Ball
1-1: Ball
2-1: Ball
3-1: Called Strike
3-2: Foul Ball, location: 2F
3-2: Foul Ball, location: 2F
3-2: Strikes out swinging
Top of the 4th over - 0 run(s), 0 hit(s), 0 error(s), 0 left on base; Westwood 0 - Minnesota 0
BOTTOM OF THE 4TH
Minnesota Loons batting - Pitching for Westwood Sixshooters : RHP Nam Yee Yong
Batting: LHB Alfredo Arévalo 0-0: Ball
1-0: Called Strike
1-1: Foul Ball, location: 2F
1-2: Foul Ball, location: 2F
1-2: Ball
2-2: Ball
3-2: Reached via error on a dropped throw, E1
Batting: LHB Juan Aranda 0-0: Ball
1-0: Called Strike
1-1: Called Strike
1-2: Strikes out swinging
Batting: RHB Jing-sheng Joo 0-0: Hit by Pitch
Alfredo Arévalo to second
Batting: RHB Jorge Arreola 0-0: Ball
Alfredo Arévalo steals 3rd base
Jing-sheng Joo to second
1-0: Foul Ball, location: 2F
1-1: Ball
2-1: Foul Ball, location: 2F
2-2: Ground out 6-3 (Groundball, 6)
Alfredo Arévalo scores
Jing-sheng Joo to third
Batting: RHB Joaquín Villarreal 0-0: Called Strike
0-1: Ball
1-1: Called Strike
1-2: Strikes out swinging
Bottom of the 4th over - 1 run(s), 0 hit(s), 1 error(s), 1 left on base; Westwood 0 - Minnesota 1
TOP OF THE 5TH
Westwood Sixshooters batting - Pitching for Minnesota Loons : RHP Ramón Martínez
Batting: LHB Bob Daugherty 0-0: Called Strike
0-1: Ball
1-1: Ball
2-1: Called Strike
2-2: Ball
3-2: Foul Ball, location: 2F
3-2: Foul Ball, location: 2F
3-2: Ground out 6-3 (Groundball, 6S)
Batting: LHB Lorenzo Díaz 0-0: Ball
1-0: Called Strike
1-1: Ball
2-1: Foul Ball, location: 2F
2-2: Strikes out swinging
Batting: RHB Chris Corella 0-0: Ball
1-0: DOUBLE (Line Drive, 7LM)
Batting: RHB Carlos Cruz 0-0: Called Strike
0-1: Swinging Strike
0-2: DOUBLE (Groundball, 3L)
Chris Corella scores
Batting: RHB Alonso Zamora 0-0: Foul Ball, location: 2F
0-1: Ground out 5-3 (Groundball, 56S)
Top of the 5th over - 1 run(s), 2 hit(s), 0 error(s), 1 left on base; Westwood 1 - Minnesota 1
BOTTOM OF THE 5TH
Minnesota Loons batting - Pitching for Westwood Sixshooters : RHP Nam Yee Yong
Batting: SHB David Martínez 0-0: Fly out, F9 (Flyball, 9)
Batting: RHB Salvador Esparza 0-0: Called Strike
0-1: Foul Ball, location: 2F
0-2: SINGLE (Line Drive, 78S)
Batting: RHB Isuru Tanaka 0-0: Fly out, F5 (Popup, 6S)
Batting: SHB Lowell Moon 0-0: Ball
1-0: Hit by Pitch
Salvador Esparza to second
Batting: LHB Alfredo Arévalo 0-0: Ball
1-0: Foul Ball, location: 2F
1-1: Swinging Strike
1-2: Ball
2-2: Foul Ball, location: 2F
2-2: Fly out, F7 (Line Drive, 78XD)
Bottom of the 5th over - 0 run(s), 1 hit(s), 0 error(s), 2 left on base; Westwood 1 - Minnesota 1
TOP OF THE 6TH
Westwood Sixshooters batting - Pitching for Minnesota Loons : RHP Ramón Martínez
Batting: RHB Alberto Lastaneda 0-0: Ball
1-0: Ground out 1-3 (Groundball, P)
Batting: LHB António Quintero 0-0: Fly out, F7 (Flyball, 78M)
Batting: LHB Mitchell Cusimano 0-0: Called Strike
0-1: Ball
1-1: Ball
2-1: Ball
3-1: Foul Ball, location: 2F
3-2: Ground out 4-3 (Groundball, 4)
Top of the 6th over - 0 run(s), 0 hit(s), 0 error(s), 0 left on base; Westwood 1 - Minnesota 1
BOTTOM OF THE 6TH
Minnesota Loons batting - Pitching for Westwood Sixshooters : RHP Nam Yee Yong
Batting: LHB Juan Aranda 0-0: Ball
1-0: SOLO HOME RUN (Flyball, 9D), Distance : 391 ft
Pitching: RHP Nicholas Adams
Batting: RHB Jing-sheng Joo 0-0: Swinging Strike
0-1: SINGLE (Groundball, 56) (infield hit)
Batting: RHB Jorge Arreola 0-0: Called Strike
0-1: Ball
1-1: Ball
2-1: Ball
3-1: Base on Balls
Jing-sheng Joo to second
Batting: RHB Joaquín Villarreal 0-0: Ball
1-0: Ball
2-0: Foul Ball, location: 2F
2-1: Grounds into double play, 2-4-3 (Groundball, 2L)
Jing-sheng Joo to third
Batting: SHB David Martínez 0-0: Foul Ball, location: 2F
0-1: Swinging Strike
0-2: Ball
1-2: Fly out, F4 (Line Drive, 4M)
Bottom of the 6th over - 1 run(s), 2 hit(s), 0 error(s), 1 left on base; Westwood 1 - Minnesota 2
TOP OF THE 7TH
Westwood Sixshooters batting - Pitching for Minnesota Loons : RHP Ramón Martínez
Batting: RHB Wrangler Haresnape 0-0: Ball
1-0: SINGLE (Line Drive, 78S)
Batting: LHB Bob Daugherty 0-0: Called Strike
0-1: Called Strike
0-2: Ball
1-2: Strikes out looking
Batting: LHB Lorenzo Díaz 0-0: Ball
1-0: Ball
2-0: Ball
3-0: Called Strike
3-1: Ground out 3-1 (Groundball, 34)
Wrangler Haresnape to second
Batting: RHB Chris Corella 0-0: Ball
1-0: SINGLE (Line Drive, 4MD)
Wrangler Haresnape to third
Runner from 3rd tries for Home, SAFE, no throw
Pinch Hitting: RHB Steve Bock 0-0: Fly out, F9 (Flyball, 9D)
Top of the 7th over - 1 run(s), 2 hit(s), 0 error(s), 1 left on base; Westwood 2 - Minnesota 2
BOTTOM OF THE 7TH
Minnesota Loons batting - Pitching for Westwood Sixshooters : RHP Nicholas Adams
Now at SS: Steve Bock
Batting: RHB Salvador Esparza 0-0: Called Strike
0-1: Fly out, F7 (Flyball, 7D)
Batting: RHB Isuru Tanaka 0-0: Ball
1-0: Fly out, F7 (Line Drive, 78M)
Batting: SHB Lowell Moon 0-0: Ball
1-0: Ball
2-0: Foul Ball, location: 2F
2-1: Foul Ball, location: 2F
2-2: SINGLE (Groundball, 34D)
Batting: LHB Alfredo Arévalo 0-0: Ground out 4-3 (Groundball, 34)
Bottom of the 7th over - 0 run(s), 1 hit(s), 0 error(s), 1 left on base; Westwood 2 - Minnesota 2
TOP OF THE 8TH
Westwood Sixshooters batting - Pitching for Minnesota Loons : RHP Ramón Martínez
Pinch Hitting: SHB Jesús Rodríguez 0-0: Called Strike
0-1: Swinging Strike
0-2: Ball
1-2: Foul Ball, location: 2F
1-2: SOLO HOME RUN (Line Drive, 89XD), Distance : 403 ft
Batting: RHB Alberto Lastaneda 0-0: Ball
1-0: Ball
2-0: Called Strike
2-1: Ground out 1-3 (Groundball, 13S)
Batting: LHB António Quintero 0-0: Called Strike
0-1: Foul Ball, location: 2F
0-2: Ball
1-2: Foul Ball, location: 2F
1-2: Ground out 1-3 (Groundball, 15S)
Batting: LHB Mitchell Cusimano 0-0: Ball
1-0: Ground out 1-3 (Groundball, 15S)
Top of the 8th over - 1 run(s), 1 hit(s), 0 error(s), 0 left on base; Westwood 3 - Minnesota 2
BOTTOM OF THE 8TH
Minnesota Loons batting - Pitching for Westwood Sixshooters : RHP Nicholas Adams
Pitching: RHP Joe Griffin
Now at 1B: Jesús Rodríguez
Now at 3B: Mark Bishop
Batting: LHB Juan Aranda 0-0: Swinging Strike
0-1: Foul Ball, location: 2F
0-2: Ball
1-2: Strikes out swinging
Batting: RHB Jing-sheng Joo 0-0: Called Strike
0-1: Fly out, F9 (Flyball, 89M)
Batting: RHB Jorge Arreola 0-0: Foul Ball, location: 2F
0-1: Ball
1-1: Ball
2-1: Called Strike
2-2: Ground out 6-3 (Groundball, 6S)
Bottom of the 8th over - 0 run(s), 0 hit(s), 0 error(s), 0 left on base; Westwood 3 - Minnesota 2
TOP OF THE 9TH
Westwood Sixshooters batting - Pitching for Minnesota Loons : RHP Ramón Martínez
Pitching: RHP Bartolo Ruíz
Batting: RHB Wrangler Haresnape 0-0: Ball
1-0: Called Strike
1-1: Fly out, F9 (Line Drive, 9S)
Batting: LHB Bob Daugherty 0-0: Called Strike
0-1: Ground out 4-3 (Groundball, 34)
Batting: LHB Lorenzo Díaz 0-0: Ball
1-0: Foul Ball, location: 2F
1-1: Swinging Strike
1-2: Ground out 4-3 (Groundball, 4)
Top of the 9th over - 0 run(s), 0 hit(s), 0 error(s), 0 left on base; Westwood 3 - Minnesota 2
BOTTOM OF THE 9TH
Minnesota Loons batting - Pitching for Westwood Sixshooters : RHP Joe Griffin
Pitching: RHP Will Moore
Pinch Hitting: RHB Enrique Fuentes 0-0: Ball
1-0: Called Strike
1-1: Ball
2-1: Ball
3-1: Base on Balls
Batting: SHB David Martínez 0-0: Ball
1-0: Bunted foul
1-1: Sac Bunt - play at first, batter OUT! 1-4
Enrique Fuentes to second
Batting: RHB Salvador Esparza 0-0: Foul Ball, location: 2F
0-1: Fly out, F6 (Line Drive, 6)
Batting: RHB Isuru Tanaka 0-0: Called Strike
0-1: Ball
1-1: Ball
2-1: DOUBLE (Line Drive, 7LM)
Enrique Fuentes scores
Batting: SHB Lowell Moon 0-0: Called Strike
0-1: Ball
1-1: Ball
2-1: Foul Ball, location: 2F
2-2: Ground out 4-3 (Groundball, 4MS)
Bottom of the 9th over - 1 run(s), 1 hit(s), 0 error(s), 1 left on base; Westwood 3 - Minnesota 3
TOP OF THE 10TH
Westwood Sixshooters batting - Pitching for Minnesota Loons : RHP Bartolo Ruíz
Pitching: RHP Juan Deliz
Now at C: Randolph Descoteaux
Batting: RHB Chris Corella 0-0: Ball
1-0: Ball
2-0: Foul Ball, location: 2F
2-1: SOLO HOME RUN (Flyball, 7D), Distance : 346 ft
Batting: RHB Steve Bock 0-0: Ball
1-0: Ball
2-0: Ball
3-0: Called Strike
3-1: Called Strike
3-2: Ground out 5-3 (Groundball, 56S)
Batting: SHB Jesús Rodríguez 0-0: Ball
1-0: Ball
2-0: Swinging Strike
2-1: Called Strike
2-2: Strikes out looking
Batting: RHB Alberto Lastaneda 0-0: Swinging Strike
0-1: Ball
1-1: Swinging Strike
1-2: Ball
2-2: Strikes out looking
Top of the 10th over - 1 run(s), 1 hit(s), 0 error(s), 0 left on base; Westwood 4 - Minnesota 3
BOTTOM OF THE 10TH
Minnesota Loons batting - Pitching for Westwood Sixshooters : RHP Will Moore
Batting: LHB Alfredo Arévalo 0-0: Ball
1-0: Foul Ball, location: 2F
1-1: Ball
2-1: Ground out 4-3 (Groundball, 4)
Batting: LHB Juan Aranda 0-0: Foul Ball, location: 2F
0-1: Ball
1-1: SINGLE (Line Drive, 9LS)
Batting: RHB Jing-sheng Joo 0-0: Ball
1-0: Grounds into double play, 5-4-3 (Groundball, 56)
Bottom of the 10th over - 0 run(s), 1 hit(s), 0 error(s), 0 left on base; Westwood 4 - Minnesota 3
Saturday, May 26th, 2018 - OOTP Baseball 17.12 Build 75